 Dungeon Crawl Stone Soup version 0.20.1-1-g8b1a95d (webtiles) character file.

264 pstr the Digger (level 6, -2/46 (47) HPs)
             Began as a Ghoul Earth Elementalist on Dec 9, 2017.
             Was an Initiate of Ru.
             Slain by Edmund
             ... wielding a +2 flail of protection
              (6 damage)
             ... on level 4 of the Dungeon.
             The game lasted 00:13:14 (6051 turns).

pstr the Digger (Ghoul Earth Elementalist)          Turns: 6051, Time: 00:13:15

HP:   -2/46 (47)    AC:  6    Str: 12    XL:     6   Next: 19%
MP:   3/9           EV: 12    Int: 12    God:    Ru [......]
Gold: 199           SH:  0    Dex:  9    Spells: 4/10 levels left

rFire    . . .     SeeInvis +   j - +1 dagger (protect)
rCold    + . .     Gourm    .   (no shield)
rNeg     + + +     Faith    .   c - +0 robe
rPois    ∞         Spirit   .   (no helmet)
rElec    .         Reflect  .   (no cloak)
rCorr    .         Harm     .   (no gloves)
MR       .....                  (no boots)
Stlth    ++........             (no amulet)
Regen    0.0/turn               k - +4 ring of protection
MPRegen  0.2/turn               f - ring of see invisible

@: rotting
A: rotting body, claws 1, carnivore 3, cold resistance 1, negative energy
resistance 3, inhibited regeneration, torment resistance, unbreathing
a: Renounce Religion


You were on level 4 of the Dungeon.
You worshipped Ru.
Ru was noncommittal.
You were near starving.

You visited 1 branch of the dungeon, and saw 4 of its levels.

You collected 199 gold pieces.

Inventory:

Hand Weapons
 j - a +1 dagger of protection (weapon)
Missiles
 n - 101 stones (quivered)
Armour
 a - a +0 leather armour
 c - a +0 robe (worn)
 p - a +0 ring mail of poison resistance
Jewellery
 f - a ring of see invisible (right claw)
 k - a +4 ring of protection (left claw)
Scrolls
 g - 2 scrolls of identify {unknown}
 l - 3 scrolls of teleportation {unknown}
Potions
 i - a potion of heal wounds
 q - a potion of cancellation
Books
 e - a book of Geomancy

   Spells                             Type                      Level
   a - Sandblast                      Earth                        1
   b - Passwall                       Transmutation/Earth          2
   c - Stone Arrow                    Conjuration/Earth            3
   d - Petrify                        Transmutation/Earth          4
   e - Lee's Rapid Deconstruction     Earth                        5
Comestibles
 d - 3 meat rations
 m - a royal jelly


   Skills:
 + Level 1.3 Fighting
 + Level 1.5 Short Blades
 + Level 2.5 Dodging
 + Level 2.7 Stealth
 + Level 2.8 Spellcasting
 + Level 1.3 Conjurations
 + Level 0.8 Transmutations
 + Level 4.8 Earth Magic


You had 4 spell levels left.
You knew the following spells:

 Your Spells              Type           Power        Failure   Level  Hunger
a - Sandblast             Erth           ##....       3%          1    #......
b - Passwall              Tmut/Erth      #.........   12%         2    ###....
c - Stone Arrow           Conj/Erth      #.....       22%         3    ###....


Dungeon Overview and Level Annotations

Branches:
Dungeon (4/15)
 Temple: D:4-7

Altars:
Dithmenos
Hepliaklqana
Kikubaaqudgha
Ru
Yredelemnul

Shops:
D:4 *

Annotations:
D:4 Edmund


Innate Abilities, Weirdness & Mutations

Your body is rotting away.
You thrive on raw meat.
You are immune to poison.
You have sharp fingernails.
You are carnivorous and can eat meat at any time.
Your flesh is cold resistant. (rC+)
You are immune to negative energy. (rN+++)
You do not regenerate when monsters are visible.
You are immune to unholy pain and torment.
You can survive without breathing.


Message History

Edmund is severely wounded.
You feel your flesh rotting away. Edmund hits you but does no damage.
It was a potion of lignification.
You feel woody for a moment.
It was a potion of brilliance.
You feel clever all of a sudden. Edmund closely misses you.
It was a potion of heal wounds.
You feel much better.
Edmund is no longer unusually agile.
Edmund hits you but does no damage.
It was a potion of cancellation.
Your magical effects are unravelling.
You feel magically purged.
Your magical contamination has completely faded away.
You feel a little less clever now.
Edmund hits you with a flail of protection!
* * * LOW HITPOINT WARNING * * *
You feel your flesh rotting away.
Edmund gestures with his flail.
Edmund hits you with a flail of protection.
You die...

# #.# #.##.# #.......[ # #.#
#.##.# #.#..#.## # #.# #.##.#
#.######.#..#.# ###.###.##.#
#...........#.. ...........#
########.#..#### ###.###.####
#.#...... #.###.########
#.#..####
#............##########.#..####
#####.######..@@...............
#.######.##########.#.#####
#...................#.#
......................#
########.##########.#.# #.#
#.#.# ### #####


You could see Edmund.

Vanquished Creatures
  An orc priest (D:4)
  2 iguanas (D:4)
  9 adders
  5 worms
  3 dart slugs
  2 leopard geckos (D:2)
  6 orcs
  A giant cockroach (D:1)
  12 hobgoblins
  2 quokkas (D:3)
  A ball python (D:1)
  10 bats
  5 frilled lizards
  11 goblins
  8 kobolds
  4 rats
82 creatures vanquished.

Notes
Turn   | Place    | Note
-------+----------+-------------------------------------------
     0 | D:1      | pstr the Ghoul Earth Elementalist began the quest for the Orb.
     0 | D:1      | Reached XP level 1. HP: 14/14 MP: 2/2
   527 | D:1      | Reached XP level 2. HP: 18/20 MP: 0/3
  1076 | D:1      | Reached skill level 4 in Earth Magic
  1225 | D:1      | Reached XP level 3. HP: 26/26 MP: 2/5
  1294 | D:1      | Learned a level 2 spell: Passwall
  1298 | D:1      | Learned a level 3 spell: Stone Arrow
  2378 | D:3      | Reached skill level 1 in Short Blades
  2378 | D:3      | Reached XP level 4. HP: 20/33 MP: 1/6
  3068 | D:2      | Found a shadowy altar of Dithmenos.
  3565 | D:2      | Reached skill level 1 in Fighting
  3565 | D:2      | Reached XP level 5. HP: 31/40 MP: 1/7
  4070 | D:2      | Found a hazy altar of Hepliaklqana.
  4073 | D:2      | Found a sacrificial altar of Ru.
  4076 | D:2      | Found an ancient bone altar of Kikubaaqudgha.
  4111 | D:2      | Became a worshipper of Ru the Awakened
  4282 | D:2      | Found a basalt altar of Yredelemnul.
  5429 | D:4      | Reached skill level 1 in Conjurations
  5771 | D:4      | Found Bexas's Elemental Accessories.
  5775 | D:4      | Reached XP level 6. HP: 45/45 MP: 2/9
  5980 | D:4      | Noticed Edmund
  6051 | D:4      | Slain by Edmund

Skill      XL: |  1  2  3  4  5 |
---------------+----------------+-----
Earth Magic    | 4 |  4.8
Spellcasting   | 2 |  2.8
Short Blades   | 1 |  1.5
Dodging        | 2 |  2.5
Fighting       | 1 |  1.3
Conjurations   | 1 |  1.3
Stealth        | |  2.7
Transmutations | |  0.8

Action                   |  1- 3 |  4- 6 || total
-------------------------+-------+-------++-------
Melee: Unarmed           |    12 |       ||    12
       Dagger            |    56 |   206 ||   262
 Cast: Sandblast         |    38 |       ||    38
       Stone Arrow       |     7 |    52 ||    59
  Use: Potion            |     1 |     5 ||     6
  Eat: Chunk             |     4 |    14 ||    18
       Meat ration       |     1 |     1 ||     2
Armor: Robe              |    26 |    62 ||    88
Dodge: Dodged            |    58 |   129 ||   187
